 Seeded DCSS version 0.27.1-2-g3b301248ec (webtiles) character file.

Game seed: 14551798346683263451 (custom seed)

29 babuloseo the Sneak (level 3, -10/27 HPs)
             Began as a Human Brigand on Sept 30, 2021.
             Mangled by Crazy Yiuf (13 damage)
             ... on level 2 of the Dungeon.
             The game lasted 00:00:54 (899 turns).

babuloseo the Sneak (Human Brigand)                  Turns: 899, Time: 00:00:55

Health: -10/27     AC:  3    Str: 11    XL:     3   Next: 32%
Magic:  3/3        EV: 12    Int: 11    God:
Gold:   34         SH:  0    Dex: 15    Spells: 2/2 levels left

rFire    . . .     SeeInvis .   f - +2 dagger (venom)
rCold    . . .     Faith    .   (no shield)
rNeg     . . .     Spirit   .   b - +0 robe
rPois    .         Reflect  .   (no helmet)
rElec    .         Harm     .   c - +0 cloak
rCorr    .         Rampage  .   (no gloves)
Will     .....                  (no boots)
Stlth    +++.......             (no amulet)
HPRegen  0.09/turn              (no ring)
MPRegen  0.08/turn              (no ring)

@: hasted, very quick
A: no striking features
a: no special abilities


You were on level 2 of the Dungeon.
You visited 1 branch of the dungeon, and saw 2 of its levels.

You collected 34 gold pieces.

Inventory:

Hand Weapons
 a - a +2 dagger
 f - a +2 dagger of venom (weapon)
Missiles
 d - 8 poisoned darts (quivered)
 e - 2 curare-tipped darts
Armour
 b - a +0 robe (worn)
 c - a +0 cloak (worn)
Scrolls
 h - a scroll of magic mapping {unknown}
 i - a scroll of torment {unknown}
 j - a scroll of enchant armour {unknown}
Potions
 g - a potion of ambrosia {unknown}


   Skills:
 + Level 2.2 Fighting
 * Level 2.3 Short Blades
 - Level 2.0 Throwing
 + Level 1.2 Dodging
 + Level 4.7 Stealth


You had 2 spell levels left.
You didn't know any spells.
Your spell library was empty.

Dungeon Overview and Level Annotations

Branches:
Dungeon (2/15)

Altars:
Qazlal

Annotations:
D:2 Crazy Yiuf


Message History

You see here a quokka corpse.
i - a scroll labelled BOEXAOR EPIUGIUNK No target in view!
Found a scroll labelled KUSAFU GAUD.
No target in view!
Found 28 arrows and 11 gold pieces.
No target in view!
No target in view!
No target in view!
j - a scroll labelled KUSAFU GAUD No target in view!
You now have 34 gold pieces (gained 11).
You see here 28 arrows.
Found a mace.
Found a runed translucent door.
No target in view!
You open the door.
There is an open translucent door here.
Crazy Yiuf shouts!
You hit Crazy Yiuf.
Crazy Yiuf is poisoned.
Crazy Yiuf is lightly wounded.
Crazy Yiuf says, "Lay!
Tonal turtle meccalolo."
Crazy Yiuf hits you with a +3 quarterstaff of chaos!
Crazy Yiuf draws strength from your wounds!
You hit Crazy Yiuf.
Crazy Yiuf is lightly wounded.
Crazy Yiuf hits you with a +3 quarterstaff of chaos!
Crazy Yiuf burns you.
You are too injured to fight recklessly!
You are too injured to fight recklessly!
You are too injured to fight recklessly!
You closely miss Crazy Yiuf.
Crazy Yiuf is lightly wounded.
Crazy Yiuf whimpers, "Rifle childish verde!"
Crazy Yiuf hits you with a +3 quarterstaff of chaos!
* * * LOW HITPOINT WARNING * * *
You feel yourself speed up.
You hit Crazy Yiuf but do no damage.
Crazy Yiuf looks as sick as possible!
Crazy Yiuf is lightly wounded.
Crazy Yiuf hits you with a +3 quarterstaff of chaos!
You die...

#.##.##.......# #.#
#.##.##.#.#.### #.#
#[##.##.....# #.#
...########## #.#
#.# #.#### #.#
##..... #.. #####
♣♣##.(.### #)..#♣♣
♣♣.+..#....
#.g@'.♣♣♣♣.......##.
#...#♣..♣.♣......#
#####♣♣♣.♣..+.#.....
♣♣♣♣♣###..... #.....
#.#### .#


You could see Crazy Yiuf (extremely poisoned).

Vanquished Creatures
  An adder (D:2)
  A dart slug (D:1)
  2 bats
  2 endoplasms (D:1)
  A giant cockroach (D:1)
  2 goblins (D:1)
  2 hobgoblins (D:1)
  2 kobolds (D:1)
  A quokka (D:2)
  2 frilled lizards (D:1)
  A rat (D:2)
17 creatures vanquished.

Notes
Turn   | Place    | Note
-------+----------+-------------------------------------------
     0 | D:1      | babuloseo the Human Brigand began the quest for the Orb.
     0 | D:1      | Reached XP level 1. HP: 16/16 MP: 1/1
   166 | D:1      | Reached XP level 2. HP: 8/22 MP: 2/2
   784 | D:2      | Found a stormy altar of Qazlal.
   787 | D:2      | Reached XP level 3. HP: 27/27 MP: 3/3
   889 | D:2      | Found a runed translucent door.
   890 | D:2      | Noticed Crazy Yiuf
   899 | D:2      | Mangled by Crazy Yiuf

Illustrated notes

Levels and vault maps discovered:
D:1:      lemuel_arrival_river_bridge, layout_rooms
D:2:      layout_loops_cross, basic_altar, serial_shops, shop,
          minmay_goblin_kobold_house, uniq_crazy_yiuf_cottage, uniq_robin

Action                   || total
-------------------------++-------
Melee: Dagger            ||    45
Throw: Dart              ||     2
 Stab: Sleeping          ||     3
Armor: Robe              ||    13
Dodge: Dodged            ||    20
